 Dungeon Crawl Stone Soup version 0.30-a0-50-gb2d611f6b1 (webtiles) character file.

Game seed: 16478613319307787695

9807 LnG the Cleaver (level 11, -42/97 HPs)
             Began as a Hill Orc Fighter on Sept 5, 2022.
             Was a Follower of Uskayaw.
             Annihilated by a titanic slime creature (87 damage)
             ... on level 12 of the Dungeon.
             The game lasted 00:51:23 (13093 turns).

LnG the Cleaver (Hill Orc Fighter)                 Turns: 13093, Time: 00:51:24

Health: -42/97     AC: 22    Str: 24    XL:     11   Next: 52%
Magic:  11/11      EV: 10    Int:  8    God:    Uskayaw [*.....]
Gold:   579        SH:  6    Dex: 10    Spells: 10/10 levels left

rFire   + . .      SeeInvis .    a - +3 war axe
rCold   x . .      Faith    .    N - +1 buckler {AC+3}
rNeg    . . .      Spirit   .    b - +0 scale mail
rPois   .          Reflect  .    (no helmet)
rElec   .          Harm     .    B - +2 cloak
rCorr   .          Rampage  .    w - +1 pair of gloves
Will    .....                    R - +0 pair of boots
Stlth   +.........               h - amulet of regeneration
HPRegen 1.06/turn                S - +4 ring of protection
MPRegen 0.12/turn                z - ring of fire

@: no status effects
A: no striking features
a: Renounce Religion, Stomp


You were on level 12 of the Dungeon.
You worshipped Uskayaw.
Uskayaw was noncommittal.
You visited 2 branches of the dungeon, and saw 13 of its levels.
You also visited: Ossuary.

You collected 744 gold pieces.
You spent 165 gold pieces at shops.

Inventory:

Hand Weapons
 a - a +3 war axe (weapon)
 L - the +10 dagger of the Purple Skies {venom, rF+ Dex-2 SInv}
   (You found it on level 7 of the Dungeon)

   It poisons the flesh of those it strikes.
   Dex:       It affects your dexterity (-2).
   rF:        It protects you from fire.
   SInv:      It lets you see invisible.
Missiles
 v - 3 throwing nets (quivered)
 F - a boomerang
Armour
 b - a +0 scale mail (worn)
 w - a +1 pair of gloves (worn)
 B - a +2 cloak (worn)
 N - a +1 buckler of protection (worn)
 R - a +0 pair of boots (worn)
Jewellery
 h - an amulet of regeneration (around neck)
 r - a ring of ice
 y - an amulet of the acrobat
 z - a ring of fire (right hand)
 C - a ring of positive energy
 S - a +4 ring of protection (left hand)
Wands
 f - a wand of flame (3)
 s - a wand of roots (26)
 G - a wand of paralysis (6)
 H - a wand of digging (8)
 O - a wand of mindburst (10)
 T - a wand of acid (8)
Scrolls
 c - a scroll of immolation {unknown}
 j - 9 scrolls of teleportation
 l - 3 scrolls of butterflies
 m - 4 scrolls of vulnerability
 o - 4 scrolls of poison
 t - 4 scrolls of silence {unknown}
 u - 2 scrolls of amnesia
 I - 2 scrolls of fear {unknown}
 Q - a scroll of magic mapping
Potions
 d - 4 potions of might
 e - 5 potions of attraction
 g - a potion of flight {unknown}
 i - 3 potions of magic
 k - 2 potions of heal wounds {unknown}
 n - 2 potions of ambrosia {unknown}
 p - 4 potions of mutation
 q - 3 potions of cancellation {unknown}
 x - a potion of berserk rage {unknown}
 A - 3 potions of haste {unknown}
 D - a potion of experience {unknown}
 E - 5 potions of curing {unknown}
 J - 3 potions of brilliance {unknown}
 K - a potion of invisibility {unknown}
 P - a potion of lignification {unknown}
Miscellaneous
 U - a condenser vane


   Skills:
 + Level 9.6 Fighting
 + Level 0.4 Short Blades
 + Level 14.8 Axes
 + Level 8.8 Armour
 + Level 3.3 Dodging
 + Level 5.2 Stealth
 + Level 6.2 Shields


You had 10 spell levels left.
You didn't know any spells.
Your spell library contained the following spells:

 Spells                   Type           Power      Damage    Failure   Level
 Magic Dart               Conj           0%         1d3       75%         1
 Summon Small Mammal      Summ           0%         N/A       75%         1
 Call Imp                 Summ           0%         N/A       87%         2
 Static Discharge         Conj/Air       0%         3-3/arc   87%         2
 Call Canine Familiar     Summ           0%         N/A       98%         3
 Dazzling Flash           Conj/Hex       0%         N/A       98%         3
 Gell's Gravitas          Tloc           0%         N/A       98%         3
 Ignite Poison            Fire/Tmut/Pois 0%         N/A       98%         3
 Mephitic Cloud           Conj/Pois/Air  0%         N/A       98%         3
 Summon Guardian Golem    Hex/Summ       0%         N/A       98%         3
 Teleport Other           Tloc           0%         N/A       98%         3
 Dispel Undead            Necr           0%         3d6       100%        4
 Sticky Flame             Conj/Fire      0%         2d3       100%        4
 Agony                    Necr           0%         N/A       100%        5
 Freezing Cloud           Conj/Ice/Air   0%         6-21      100%        5
 Silence                  Hex/Air        0%         N/A       100%        5
 Dispersal                Tloc           0%         N/A       100%        6


Dungeon Overview and Level Annotations

Branches:
Dungeon (12/15)            Temple (1/1) D:6            Lair (0/5) D:11
    Orc (0/2) D:12        Ossuary (visited)

Altars:
Ashenzari
Cheibriados
Dithmenos
Elyvilon
Fedhas
Gozag
Hepliaklqana
Kikubaaqudgha
Makhleb
Nemelex Xobeh
Okawaru
Qazlal
Ru
Sif Muna
Trog
Uskayaw
Vehumet
Wu Jian
Xom
Yredelemnul
Zin
The Shining One

Shops:
D:4 :   D:8 [   D:10 (

Annotations:
D:4 Ijyb
D:9 exclusions: ice statue and orange crystal statue


Message History

You block the orc's attack.
You barely miss the orc. The orc closely misses you.
You hit the orc.
You kill the orc!
Things that are here:
a +0 whip of electrocution; an orc corpse 2 slime creatures come into view.
The slime creature moves out of view.
A slime creature comes into view.
Found a scroll of enchant armour.
The slime creature quivers. x2
A slime creature comes into view.
Two slime creatures merge to form a large slime creature.
A slime creature comes into view.
The slime creature quivers. x2
You slash the large slime creature!
The large slime creature is lightly wounded.
You barely miss the large slime creature.
The large slime creature is lightly wounded.
Two slime creatures merge to form a very large slime creature.
Two slime creatures merge to form an enormous slime creature.
You slash the enormous slime creature!
The enormous slime creature is lightly wounded.
You slash the enormous slime creature!
The enormous slime creature is lightly wounded.
Two slime creatures merge to form a titanic slime creature.
You slash the titanic slime creature!
The titanic slime creature is lightly wounded.
You slash the titanic slime creature!
The titanic slime creature is lightly wounded.
The titanic slime creature hits you!!!
Ouch! That really hurt!
You hear a shout! x2
You hit the titanic slime creature.
The titanic slime creature is lightly wounded.
The titanic slime creature closely misses you.
The titanic slime creature attacks as you move away!
The titanic slime creature hits you!!!!
Ouch! That really hurt!
You die...

#### #.$.##)##........
...####'###'#.##........
>..#...# #.).#...###..
...#.8.# #.8.#...#....
...#...# #...#........
...##.#######'##..#.....
..............).........
........#....###.#......
........#....# #@# .....
........#....# #J# ....
........###### #.. ...
######### ...# .. ?..# .
....# ....# ######


You could see a titanic slime creature.

Vanquished Creatures
  A boulder beetle (D:11)
  A gargoyle (D:10)
  An unseen horror (D:11)
  A komodo dragon (D:11)
  A kobold demonologist (D:9)
  2 trolls
  A hornet (D:11)
  4 wraiths
  13 yaks
  Menkaure (D:5)
  A water moccasin (D:9)
  Duvessa (D:4)
  5 orc warriors
  A black bear (D:6)
  A sky beast (D:6)
  An ice beast (D:6)
  4 centaurs
  2 ogres
  2 phantoms (D:6)
  2 kobold brigands
  4 bullfrogs
  3 necrophages
  2 gnoll sergeants
  2 scorpions
  5 wights (D:10)
  Dowan (D:4)
  5 killer bees (D:10)
  4 howler monkeys
  An electric eel (D:9)
  7 orc priests
  2 hounds
  3 jellies
  3 iguanas
  8 orc wizards
  12 mummies (Ossuary)
  18 gnolls
  4 adders
  A white imp (D:5)
  An ufetubus (D:4)
  2 worms
  4 dart slugs
  53 orcs
  4 bats (D:2)
  10 endoplasms
  5 giant cockroaches
  7 goblins
  7 hobgoblins
  12 jackals
  4 quokkas
  9 ball pythons
  4 frilled lizards
  A gnoll skeleton (Ossuary)
  12 kobolds
  6 kobold skeletons (Ossuary)
  An orc skeleton (Ossuary)
  6 rats
  11 rat skeletons (Ossuary)
290 creatures vanquished.

Vanquished Creatures (collateral kills)
  A two-headed ogre (D:11)
1 creature vanquished.

Vanquished Creatures (others)
  An orc wizard (D:7)
  16 plants (D:11)
17 creatures vanquished.

Grand Total: 308 creatures vanquished

Notes
Turn   | Place    | Note
-------+----------+-------------------------------------------
     0 | D:1      | LnG the Hill Orc Fighter began the quest for the Orb.
     0 | D:1      | Reached XP level 1. HP: 19/19 MP: 1/1
   160 | D:1      | Reached XP level 2. HP: 26/27 MP: 2/2
   228 | D:1      | Reached skill level 3 in Axes
   472 | D:1      | Reached XP level 3. HP: 33/33 MP: 3/3
   834 | D:2      | Reached skill level 4 in Axes
  1045 | D:1      | Reached XP level 4. HP: 34/40 MP: 4/4
  1510 | D:2      | Reached XP level 5. HP: 46/47 MP: 5/5
  1517 | D:3      | Reached skill level 5 in Axes
  2043 | D:3      | Reached XP level 6. HP: 50/55 MP: 6/6
  2736 | D:4      | Noticed Dowan
  2738 | D:4      | Noticed Duvessa
  2778 | D:4      | Killed Duvessa
  2779 | D:4      | Reached skill level 5 in Fighting
  2779 | D:4      | Reached skill level 6 in Axes
  2876 | D:4      | Killed Dowan
  3153 | D:4      | Found a bloodstained altar of Trog.
  3172 | D:4      | Noticed Ijyb
  3439 | D:4      | Found Xeadyhigh's Vocational Training.
  3638 | D:4      | Reached XP level 7. HP: 60/61 MP: 7/7
  3777 | D:5      | Entered Level 5 of the Dungeon
  3869 | D:4      | Reached skill level 7 in Axes
  4047 | D:5      | Noticed Menkaure
  4058 | D:5      | Killed Menkaure
  4059 | D:5      | Reached skill level 5 in Armour
  4080 | D:5      | Found a shimmering blue altar of Sif Muna.
  4384 | D:5      | Reached skill level 8 in Axes
  4501 | D:5      | Reached XP level 8. HP: 27/70 MP: 8/8
  5478 | D:6      | Reached skill level 9 in Axes
  5478 | D:6      | Reached skill level 1 in Dodging
  5521 | D:6      | Found a staircase to the Ecumenical Temple.
  5614 | Temple   | Entered the Ecumenical Temple
  5701 | Temple   | Became a worshipper of Uskayaw the Reveller
  5789 | D:6      | Reached * piety under Uskayaw
  5793 | D:6      | Reached ** piety under Uskayaw
  5865 | D:6      | Reached *** piety under Uskayaw
  5867 | D:6      | Reached skill level 10 in Axes
  5867 | D:6      | Reached **** piety under Uskayaw
  6022 | D:6      | Reached XP level 9. HP: 76/78 MP: 9/9
  6361 | D:7      | Reached skill level 1 in Stealth
  6450 | D:7      | Found a sand-covered staircase.
  6462 | Ossuary  | Entered an ossuary
  6663 | Ossuary  | Reached skill level 11 in Axes
  7117 | D:7      | Found a shadowy altar of Dithmenos.
  7286 | D:7      | Identified the +10 dagger of the Purple Skies {venom, rF+
                  | Dex-2 SInv}
  7305 | D:7      | Noticed an eight-headed hydra
  7626 | D:8      | Found Ekheawu's Antique Armour Shop.
  7635 | D:8      | Bought a runed buckler for 165 gold pieces
  8336 | D:8      | Found a glowing golden altar of the Shining One.
  8873 | D:8      | Reached skill level 12 in Axes
  8878 | D:8      | Reached ***** piety under Uskayaw
  8882 | D:8      | Reached XP level 10. HP: 73/88 MP: 10/10
  9267 | D:8      | Reached skill level 5 in Shields
  9714 | D:9      | Noticed an orange crystal statue
  9766 | D:9      | Noticed a two-headed ogre
  9835 | D:9      | Noticed a kobold demonologist
  9842 | D:9      | Noticed an orange demon
  9844 | D:9      | Noticed a rust devil
  9856 | D:9      | Killed a kobold demonologist
 10012 | D:9      | Reached skill level 13 in Axes
 10295 | D:9      | Noticed an ice statue
 10351 | D:9      | Found a broken altar of Ashenzari.
 10386 | D:9      | Found a sacrificial altar of Ru.
 10387 | D:9      | Found a basalt altar of Yredelemnul.
 10455 | D:10     | Entered Level 10 of the Dungeon
 10552 | D:10     | Found an ornate altar of the Wu Jian Council.
 10582 | D:10     | Found a shimmering altar of Xom.
 10592 | D:10     | Found an opulent altar of Gozag.
 10594 | D:10     | Found a hazy altar of Hepliaklqana.
 10596 | D:10     | Found a glowing silver altar of Zin.
 10604 | D:10     | Found a sparkling altar of Nemelex Xobeh.
 10607 | D:10     | Found an iron altar of Okawaru.
 11033 | D:10     | Found Rewi's Weapon Shop.
 11385 | D:10     | Noticed a gargoyle
 11394 | D:10     | Killed a gargoyle
 11731 | D:11     | Reached skill level 14 in Axes
 11731 | D:11     | Reached XP level 11. HP: 88/95 MP: 11/11
 11813 | D:11     | Paralysed by a hornet for 2 turns
 11946 | D:11     | Noticed a two-headed ogre
 11966 | D:11     | Noticed a boulder beetle
 11979 | D:11     | Killed a two-headed ogre
 12179 | D:11     | Found a staircase to the Lair.
 12334 | D:11     | Reached skill level 5 in Stealth
 12484 | D:11     | Killed a boulder beetle
 12921 | D:12     | Found a staircase to the Orcish Mines.
 13093 | D:12     | Annihilated by a titanic slime creature

Illustrated notes

Levels and vault maps discovered:
D:1:      beargit_arrival_diablo_church, layout_basic, serial_glass,
          glass_columns_a, glass_columns_b, hangedman_abyss_or_decor_stabs,
          corexii_leaking_fountain, grunt_decor_cap
D:2:      layout_basic, minivault_25, minmay_curled_crystal
D:3:      layout_basic, serial_curves, eino_curves_03, eino_curves_01,
          eino_curves_02, minmay_close_crescents
D:4:      nicolae_cairo_tiling_large_dashed, layout_basic,
          nicolae_overflow_hidden_temple, nicolae_shop_vocational, uniq_ijyb,
          uniq_duvessa
D:5:      layout_cave_pods, mainiacjoe_overflow_brackets, uniq_menkaure
D:6:      layout_loops_cross, minmay_temple_entry_statues_fountains,
          grunt_ministairs_4
D:7:      layout_rooms, kennysheep_mini, nicolae_ossuary_entry_monument,
          minmay_fountain_box, dk_noncrumbling_4, minmay_misc_feat_more_columns
D:8:      layout_layer_cave, tso_metal_star, serial_shops, shop_statue
D:9:      minmay_separated_statues, layout_cave_pods, ashenzari_altar_1,
          nicolae_overflow_squiral
D:10:     layout_grid_maze, nicolae_overflow_hallway_of_the_gods, serial_shops,
          nicolae_square_shop, hangedman_abyss_or_decor_clamps,
          grunt_decor_junction
D:11:     layout_big_octagon, david_lair_shrubbed
D:12:     layout_rooms, hiddenorc2_lemuel
Temple:   hellmonk_temple_forest_ring

Skill      XL: |  1  2  3  4  5  6  7  8  9 10 11 |
---------------+----------------------------------+-----
Axes           | 3 4 5 6 8 10 12 14 | 14.8
Fighting       | 4 5 6 7 8 9 |  9.6
Armour         | 4 5 6 7 8 |  8.8
Shields        | 4 5 6 |  6.2
Dodging        | 1 2 3 |  3.3
Stealth        | 2 4 5 |  5.2
Short Blades   | |  0.4

Action                   |  1- 3 |  4- 6 |  7- 9 | 10-12 || total
-------------------------+-------+-------+-------+-------++-------
Melee: War axe           |    83 |   181 |   333 |   290 ||   887
       Dagger            |       |       |       |     3 ||     3
  Use: Scroll            |       |       |    15 |     7 ||    22
       Potion            |       |       |       |     1 ||     1
 Stab: Paralysed         |       |       |     9 |    28 ||    37
Armor: Scale mail        |    32 |    90 |   102 |   176 ||   400
Dodge: Dodged            |    51 |    78 |   139 |   102 ||   370
Block: Buckler           |    25 |    29 |    63 |    69 ||   186

Table legend: (Time is in decaauts)
 A = Elapsed time spent in this place.
 B = Non-inter-level travel time spent in this place.
 C = Inter-level travel time spent in this place.
 D = Time resting spent in this place.
 E = Time spent auto-exploring this place.
 F = Levels seen in this place.
 G = Mean time per level.
                   A        B        C        D        E       F      G
               +--------+--------+--------+--------+--------+-----+--------+
         Total |  13164 |  12818 |    346 |   1657 |   3288 |  14 |  940.3 |
       Dungeon |  12619 |  12281 |    338 |   1555 |   3193 |  12 | 1051.6 |
        Temple |     96 |     88 |      8 |      0 |     71 |   1 |   96.0 |
       Ossuary |    448 |    448 |      0 |    102 |     24 |   1 |  448.0 |
               +--------+--------+--------+--------+--------+-----+--------+

Top non-repeatable levels by time:
     D:8: 1944 daAuts
     D:3: 1404 daAuts
     D:5: 1383 daAuts
    D:11: 1228 daAuts
    D:10: 1157 daAuts
     D:4: 1127 daAuts
     D:6: 1063 daAuts
     D:9: 901 daAuts
     D:1: 836 daAuts
     D:7: 746 daAuts
     D:2: 600 daAuts
 Ossuary: 448 daAuts
    D:12: 224 daAuts
  Temple: 96 daAuts
